Lightning vs Blue Jackets
(R1)
Created - April 2, 2018 at 19:44
Goals
|
| Lightning |
0 |
1 |
6 |
7 |
| Blue Jackets |
1 |
1 |
1 |
3 |
|
Shots
|
| Lightning |
6 |
5 |
23 |
34 |
| Blue Jackets |
7 |
10 |
14 |
31 |
|
1st period
1. Blue Jackets , Peter Worrell 15 (Mike Brown 21, Ryan O'Byrne 14) at 12:37
Penalties :
No Penalty
2nd period
2. Blue Jackets , Andreas Nodl 11 (Branislav Mezei 17, Peter Mueller 25) at 2:59 (PP)
3. Lightning , Sheldon Keefe 8 (Jordan Nolan 19, Loui Eriksson 5) at 4:40
Penalties :
Daniel Carcillo (TB.) for Hooking (Minor) at 1:09, Henrik Zetterberg (TB.) for Hooking (Minor) at 4:44, Robert Nilsson (TB.) for Interference (Minor) at 8:10, Andreas Nodl (Clb) for Hooking (Minor) at 12:25
3rd period
4. Lightning , Robert Nilsson 35 (Henrik Zetterberg 58, Kris Versteeg 31) at 8:16
5. Lightning , Reilly Smith 8 (Henrik Zetterberg 59, Andy Rogers 10) at 10:30
6. Lightning , Kris Versteeg 27 (Brent Burns 24, Henrik Zetterberg 60) at 11:04 (PP)
7. Lightning , Henrik Zetterberg 37 (Kris Versteeg 32, John Carlson 29) at 13:28 (PP)
8. Lightning , Kris Versteeg 28 (Robert Nilsson 46, Henrik Zetterberg 61) at 15:37 (PP)
9. Lightning , Henrik Zetterberg 38 (Brent Burns 25, Jeff Schultz 21) at 17:00 (PP)
10. Blue Jackets , David Booth 21 (Peter Mueller 26, Martin Havlat 41) at 17:46 (PP)
Penalties :
Brent Burns (TB.) for Elbowing (Minor) at 4:18, Branislav Mezei (Clb) for Tripping (Minor) at 10:54, Martin Havlat (Clb) for High sticking (Minor) at 12:34, Mike Brown (Clb) for Roughing (Minor) at 14:20, Peter Worrell (Clb) for Slashing (Minor) at 16:43, Kris Versteeg (TB.) for Slashing (Minor) at 17:28
Goalie Stats
Jaroslav Halak (TB.), 28 saves from 31 shots - (0.903), W, 26-29-8, 60:00 minutes
Rick DiPietro (Clb), 27 saves from 34 shots - (0.794), L, 26-31-3, 60:00 minutes
Players Stats for Lightning
Player Name G A P +/- PIM S H SB GA TA FO MP PP MP PK MP
------------------------------------------------------------------------------------
Andy Rogers 0 1 1 1 0 2 1 0 0 0 0/0 16:58 2:16 0:29
Brent Burns 0 2 2 1 2 1 1 2 1 1 0/0 26:06 2:28 3:53
Daniel Carcillo 0 0 0 0 2 3 4 0 1 0 1/1 16:37 0:38 0:45
Danny Richmond 0 0 0 0 0 0 0 0 0 1 0/0 8:31 0:00 1:56
Henrik Zetterberg 2 4 6 1 2 6 2 1 2 0 7/8 26:24 3:01 3:16
Jeff Schultz 0 1 1 1 0 1 2 1 2 3 0/0 30:03 2:28 4:39
John Carlson 0 1 1 2 0 0 1 2 0 0 0/0 19:04 2:09 3:06
Jordan Nolan 0 1 1 1 0 1 0 0 1 0 4/6 12:43 0:51 1:01
Justin Schultz 0 0 0 0 0 0 1 0 0 0 0/0 6:21 0:00 0:46
Kris Versteeg 2 2 4 1 2 3 1 1 0 1 2/2 23:29 3:01 4:27
Loui Eriksson 0 1 1 1 0 2 0 0 0 1 0/0 12:25 0:48 0:35
Pierre-Luc Létourneau 0 0 0 0 0 0 0 0 1 0 0/0 6:34 0:10 0:00
Pierre-Marc Bouchard 0 0 0 0 0 3 3 0 0 1 10/20 17:27 0:38 1:54
Reilly Smith 1 0 1 0 0 1 0 0 0 0 0/0 6:45 0:51 0:00
Robert Nilsson 1 1 2 1 2 5 2 0 2 0 17/33 19:56 3:01 1:10
Sheldon Keefe 1 0 1 1 0 2 1 0 0 0 1/5 14:09 0:07 3:02
Steve Bernier 0 0 0 0 0 3 1 0 0 0 0/1 15:33 0:38 0:00
Steve McCarthy 0 0 0 -1 0 1 1 1 0 1 0/0 12:45 0:00 1:21
Players Stats for Blue Jackets
Player Name G A P +/- PIM S H SB GA TA FO MP PP MP PK MP
------------------------------------------------------------------------------------
A.J Thelen 0 0 0 0 0 0 0 0 0 0 0/0 3:42 0:08 0:00
Andreas Nodl 1 0 1 -2 2 4 0 0 2 0 0/0 13:14 0:11 0:00
Branislav Mezei 0 1 1 -2 2 2 1 3 0 1 0/0 27:27 5:07 2:55
Dave Steckel 0 0 0 1 0 2 1 1 1 0 10/18 17:24 2:49 0:47
David Booth 1 0 1 -1 0 3 0 1 0 2 4/11 27:47 5:05 3:00
François Beauchemin 0 0 0 0 0 1 2 1 1 2 0/0 19:28 2:58 1:11
Jeff Taffe 0 0 0 0 0 0 0 0 0 1 0/0 6:28 0:08 1:23
Kevin Porter 0 0 0 -2 0 0 0 0 0 0 5/8 13:45 0:00 0:41
Martin Havlat 0 1 1 -1 2 2 1 0 1 1 1/4 27:09 5:05 2:23
Mike Brown 0 1 1 1 2 5 3 0 0 1 0/0 17:23 2:52 0:00
Mike Commodore 0 0 0 0 0 0 0 2 0 0 0/0 4:09 0:00 0:21
Mike Lundin 0 0 0 -2 0 3 2 3 0 2 0/0 27:38 5:07 3:05
Mike York 0 0 0 -2 0 2 2 1 3 0 0/1 13:29 0:00 0:25
Peter Mueller 0 2 2 -1 0 3 1 0 0 0 14/34 21:32 5:05 0:08
Peter Worrell 1 0 1 1 2 3 0 0 1 0 0/0 17:00 2:52 0:27
Ryan O'Byrne 0 1 1 0 0 1 2 5 0 0 0/0 19:28 2:58 1:11
Tim Ramholt 0 0 0 0 0 0 0 1 0 0 0/0 9:30 0:00 0:31
Torey Krug 0 0 0 0 0 0 0 0 0 0 0/0 8:45 0:00 0:00
3 Stars
1 - Henrik Zetterberg (TB.)
2 - Kris Versteeg (TB.)
3 - Robert Nilsson (TB.)
Power Play
Lightning - 4 on 5 Attempt(s) - 80.00%
Blue Jackets - 2 on 5 Attempt(s) - 40.00%
Penalty Kill
Lightning - 3 on 5 Attempt(s) - 60.00%
- Score 0 goal in Penalty Kill
Blue Jackets - 1 on 5 Attempt(s) - 20.00%
- Score 0 goal in Penalty Kill
Team Stat
Lightning - Hits : 21 - Faceoff Wins : 42 - Blocked Shots : 8 - Penalty Minutes : 10
Blue Jackets - Hits : 15 - Faceoff Wins : 34 - Blocked Shots : 18 - Penalty Minutes : 10
Official
Referees : Auger Stephane and Rooney Chris
Linesman : Bryan Pancich and Mark Wheler
Game Notes
Danny Richmond is injured at 9:13 of 2nd period (Lacerated Left Calf)
Finance
Level 1 -- Attendance: 4308 (71.80%) -- Ticket Income $409,260
Level 2 -- Attendance: 3790 (75.80%) -- Ticket Income $227,400
Level 3 -- Attendance: 1795 (89.75%) -- Ticket Income $62,825
Level 4 -- Attendance: 3606 (90.15%) -- Ticket Income $90,150
Luxury Box -- Attendance: 629 (62.90%) -- Ticket Income $119,510
Game was played at the Ohio State Arena.
Total Attendance: 14128 (78.49%)
Total Ticket Income: $909,145
Other Income: $136,372
Total Income: $1,045,517
Lightning
5 vs 5 Forward
Center Left Wing Right Wing Time % Phy DF OF
1 Robert Nilsson Henrik Zetterberg Kris Versteeg 40 1 2 2
2 Pierre-Marc Bouchard Daniel Carcillo Steve Bernier 30 1 2 2
3 Jordan Nolan Loui Eriksson Sheldon Keefe 20 1 2 2
4 Henrik Zetterberg Pierre-Luc Létourneau Reilly Smith 10 1 2 2
5 vs 5 Defense
Defense Defense Time % Phy DF OF
1 Jeff Schultz Brent Burns 40 1 2 2
2 John Carlson Danny Richmond 30 1 2 2
3 Andy Rogers Steve McCarthy 20 1 2 2
4 Justin Schultz Jeff Schultz 10 1 2 2
PowerPlay Forward
Center Left Wing Right Wing Time % Phy DF OF
1 Robert Nilsson Henrik Zetterberg Kris Versteeg 60 1 2 2
2 Pierre-Marc Bouchard Daniel Carcillo Steve Bernier 40 1 2 2
PowerPlay Defense
Defense Defense Time % Phy DF OF
1 Jeff Schultz Brent Burns 60 1 2 2
2 John Carlson Danny Richmond 40 1 2 2
Penalty Kill 4 Players Forward
Center Wing Time % Phy DF OF
1 Henrik Zetterberg Kris Versteeg 60 1 2 2
2 Robert Nilsson Pierre-Marc Bouchard 40 1 2 2
Penalty Kill 4 Players Defense
Defense Defense Time % Phy DF OF
1 Jeff Schultz Brent Burns 60 1 2 2
2 John Carlson Danny Richmond 40 1 2 2
Penalty Kill - 3 Players Forward
Forward Time % Phy DF OF
1 Henrik Zetterberg 60 1 2 2
2 Kris Versteeg 40 1 2 2
Penalty Kill - 3 Players Defense
Defense Defense Time % Phy DF OF
1 Jeff Schultz Brent Burns 60 1 2 2
2 John Carlson Danny Richmond 40 1 2 2
4 vs 4 Forward
Center Wing Time % Phy DF OF
1 Henrik Zetterberg Kris Versteeg 60 1 2 2
2 Robert Nilsson Pierre-Marc Bouchard 40 1 2 2
4 vs 4 Defense
Defense Defense Time % Phy DF OF
1 Jeff Schultz Brent Burns 60 1 2 2
2 John Carlson Danny Richmond 40 1 2 2
Last Minutes Offensive
Center Left Wing Right Wing Defense Defense
Robert Nilsson Henrik Zetterberg Kris Versteeg Jeff Schultz Brent Burns
Last Minutes Defensive
Center Left Wing Right Wing Defense Defense
Robert Nilsson Henrik Zetterberg Kris Versteeg Jeff Schultz Brent Burns
Goaltenders
Starting : Jaroslav Halak
Backup : Adam Munro
Extra Forwards
Normal : Jordan Nolan, Loui Eriksson, Sheldon Keefe - PP : Jordan Nolan, Loui Eriksson - PK : Sheldon Keefe
Extra Defensemen
Normal : Andy Rogers, Steve McCarthy, Justin Schultz - PP : Andy Rogers - PK : Steve McCarthy, Justin Schultz
Penalty Shots
Henrik Zetterberg, Kris Versteeg, Robert Nilsson, Pierre-Marc Bouchard, Jordan Nolan
Scratches
Mikael Backlund (Abdominal Strain Injury)
Blue Jackets
5 vs 5 Forward
Center Left Wing Right Wing Time % Phy DF OF
1 Peter Mueller David Booth Martin Havlat 40 1 2 2
2 Dave Steckel Peter Worrell Mike Brown 30 1 2 2
3 Kevin Porter Mike York Andreas Nodl 20 1 2 2
4 David Booth Jeff Taffe Martin Havlat 10 1 2 2
5 vs 5 Defense
Defense Defense Time % Phy DF OF
1 Mike Lundin Branislav Mezei 40 1 2 2
2 Ryan O'Byrne François Beauchemin 30 1 2 2
3 Torey Krug Tim Ramholt 20 1 2 2
4 Mike Commodore A.J Thelen 10 1 2 2
PowerPlay Forward
Center Left Wing Right Wing Time % Phy DF OF
1 Peter Mueller David Booth Martin Havlat 60 1 2 2
2 Dave Steckel Peter Worrell Mike Brown 40 1 2 2
PowerPlay Defense
Defense Defense Time % Phy DF OF
1 Mike Lundin Branislav Mezei 60 1 2 2
2 Ryan O'Byrne François Beauchemin 40 1 2 2
Penalty Kill 4 Players Forward
Center Wing Time % Phy DF OF
1 David Booth Martin Havlat 60 1 2 2
2 Peter Worrell Mike York 40 1 2 2
Penalty Kill 4 Players Defense
Defense Defense Time % Phy DF OF
1 Mike Lundin Branislav Mezei 60 1 2 2
2 Ryan O'Byrne François Beauchemin 40 1 2 2
Penalty Kill - 3 Players Forward
Forward Time % Phy DF OF
1 David Booth 60 1 2 2
2 Martin Havlat 40 1 2 2
Penalty Kill - 3 Players Defense
Defense Defense Time % Phy DF OF
1 Mike Lundin Branislav Mezei 60 1 2 2
2 Ryan O'Byrne François Beauchemin 40 1 2 2
4 vs 4 Forward
Center Wing Time % Phy DF OF
1 David Booth Martin Havlat 60 1 2 2
2 Peter Worrell Mike York 40 1 2 2
4 vs 4 Defense
Defense Defense Time % Phy DF OF
1 Mike Lundin Branislav Mezei 60 1 2 2
2 Ryan O'Byrne François Beauchemin 40 1 2 2
Last Minutes Offensive
Center Left Wing Right Wing Defense Defense
Peter Mueller David Booth Martin Havlat Mike Lundin Branislav Mezei
Last Minutes Defensive
Center Left Wing Right Wing Defense Defense
Peter Mueller David Booth Martin Havlat Mike Lundin Branislav Mezei
Goaltenders
Starting : Rick DiPietro
Backup : Keith Kinkaid
Extra Forwards
Normal : Andreas Nodl, Jeff Taffe, Kevin Porter - PP : Andreas Nodl, Jeff Taffe - PK : Kevin Porter
Extra Defensemen
Normal : Torey Krug, Tim Ramholt, Mike Commodore - PP : Torey Krug - PK : Tim Ramholt, Mike Commodore
Penalty Shots
David Booth, Martin Havlat, Peter Worrell, Mike York, Mike Brown
Scratches
Antti Miettinen (Healthy), Jan Bulis (Healthy), Patrick O'Sullivan (Healthy)
% Time on Ice - Lightning
Lines # - Real PCT - Wanted PCT - Time Play
Normal Forward
1 - 34% - 40% - 16:02
2 - 32% - 30% - 14:55
3 - 22% - 20% - 10:29
4 - 12% - 10% - 5:52
Normal Defense
1 - 43% - 40% - 20:20
2 - 31% - 30% - 14:33
3 - 18% - 20% - 8:32
4 - 8% - 10% - 3:53
PP Forward
1 - 86% - 60% - 3:59
2 - 14% - 40% - 0:38
PP Defense
1 - 53% - 60% - 2:28
2 - 47% - 40% - 2:09
PK Forward
1 - 76% - 60% - 6:11
2 - 24% - 40% - 1:54
PK Defense
1 - 62% - 60% - 4:59
2 - 38% - 40% - 3:06
PK3 Forward
1 - 0% - 60%
2 - 0% - 40%
PK3 Defense
1 - 0% - 60%
2 - 0% - 40%
44 Forward
1 - 0% - 60%
2 - 0% - 40%
44 Defense
1 - 0% - 60%
2 - 0% - 40%
Last Minute Offensive - 0:00
Last Minute Defensive - 0:00
Total
Forward - 60:00
Defense - 60:00
|
% Time on Ice - Blue Jackets
Lines # - Real PCT - Wanted PCT - Time Play
Normal Forward
1 - 35% - 40% - 16:36
2 - 29% - 30% - 13:42
3 - 27% - 20% - 12:36
4 - 9% - 10% - 4:24
Normal Defense
1 - 42% - 40% - 19:40
2 - 32% - 30% - 15:19
3 - 18% - 20% - 8:45
4 - 8% - 10% - 3:34
PP Forward
1 - 65% - 60% - 5:13
2 - 35% - 40% - 2:52
PP Defense
1 - 63% - 60% - 5:07
2 - 37% - 40% - 2:58
PK Forward
1 - 93% - 60% - 4:18
2 - 7% - 40% - 0:19
PK Defense
1 - 74% - 60% - 3:26
2 - 26% - 40% - 1:11
PK3 Forward
1 - 0% - 60%
2 - 0% - 40%
PK3 Defense
1 - 0% - 60%
2 - 0% - 40%
44 Forward
1 - 0% - 60%
2 - 0% - 40%
44 Defense
1 - 0% - 60%
2 - 0% - 40%
Last Minute Offensive - 0:00
Last Minute Defensive - 0:00
Total
Forward - 60:00
Defense - 60:00
|
Play by Play
1st period
0:01 of 1st period - Robert Nilsson wins face-off versus Peter Mueller in neutral zone.
0:07 of 1st period - Icing by Mike Lundin.
0:08 of 1st period - Robert Nilsson wins face-off versus Peter Mueller in Blue Jackets zone.
0:21 of 1st period - Wrist shot by Henrik Zetterberg.
0:21 of 1st period - Stopped by Rick DiPietro without a rebound.
0:22 of 1st period - Pierre-Marc Bouchard wins face-off versus Dave Steckel in Blue Jackets zone.
0:31 of 1st period - Wrist shot by Steve Bernier.
0:31 of 1st period - Shot Blocked by Ryan O'Byrne.
1:03 of 1st period - Wrist shot by Peter Worrell.
1:03 of 1st period - Stopped by Jaroslav Halak without a rebound.
1:04 of 1st period - Jordan Nolan wins face-off versus Kevin Porter in Lightning zone.
1:09 of 1st period - Snap shot by Sheldon Keefe.
1:09 of 1st period - Stopped by Rick DiPietro without a rebound.
1:10 of 1st period - Jordan Nolan wins face-off versus Kevin Porter in Blue Jackets zone.
1:19 of 1st period - Snap shot by Sheldon Keefe.
1:19 of 1st period - Shot Misses the Net.
1:21 of 1st period - Wrist shot by Steve McCarthy.
1:21 of 1st period - Shot Blocked by Mike Commodore.
1:23 of 1st period - Backhand shot by Loui Eriksson.
1:23 of 1st period - Stopped by Rick DiPietro without a rebound.
1:24 of 1st period - Robert Nilsson wins face-off versus Peter Mueller in Blue Jackets zone.
1:25 of 1st period - Wrist shot by Kris Versteeg.
1:25 of 1st period - Shot Misses the Net.
1:48 of 1st period - Icing by Brent Burns.
1:49 of 1st period - Kevin Porter wins face-off versus Pierre-Marc Bouchard in Lightning zone.
3:50 of 1st period - Icing by Danny Richmond.
3:51 of 1st period - Kevin Porter wins face-off versus Pierre-Marc Bouchard in Lightning zone.
3:54 of 1st period - Snap shot by Mike York.
3:54 of 1st period - Shot Misses the Net.
3:56 of 1st period - Slapshot by Branislav Mezei.
3:56 of 1st period - Stopped by Jaroslav Halak with a rebound.
3:58 of 1st period - Snap shot by David Booth.
3:58 of 1st period - Shot Misses the Net.
4:00 of 1st period - Slapshot by Peter Mueller.
4:00 of 1st period - Stopped by Jaroslav Halak with a rebound.
4:02 of 1st period - Snap shot by Mike Lundin.
4:02 of 1st period - Shot Misses the Net.
4:04 of 1st period - Backhand shot by Mike Lundin.
4:04 of 1st period - Deflect By David Booth.
4:04 of 1st period - Shot Misses the Net.
4:04 of 1st period - Puck is out of play.
4:05 of 1st period - Peter Mueller wins face-off versus Robert Nilsson in Lightning zone.
4:22 of 1st period - Snap shot by Peter Mueller.
4:22 of 1st period - Stopped by Jaroslav Halak without a rebound.
4:23 of 1st period - Dave Steckel wins face-off versus Jordan Nolan in Lightning zone.
4:28 of 1st period - Snap shot by Dave Steckel.
4:28 of 1st period - Shot Misses the Net.
4:36 of 1st period - Backhand shot by Brent Burns.
4:36 of 1st period - Shot Blocked by Mike Lundin.
5:35 of 1st period - Snap shot by Henrik Zetterberg.
5:35 of 1st period - Shot Misses the Net.
6:09 of 1st period - Wrist shot by John Carlson.
6:09 of 1st period - Shot Blocked by Ryan O'Byrne.
6:24 of 1st period - Danny Richmond is hit by Ryan O'Byrne and loses puck.
8:53 of 1st period - Tim Ramholt is hit by Andy Rogers and loses puck.
9:55 of 1st period - Icing by Mike Brown.
9:56 of 1st period - Henrik Zetterberg wins face-off versus Mike York in Blue Jackets zone.
10:19 of 1st period - Dave Steckel is hit by Jeff Schultz and loses puck.
10:35 of 1st period - Off-side.
10:36 of 1st period - Kevin Porter wins face-off versus Pierre-Marc Bouchard in neutral zone.
10:47 of 1st period - Wrist shot by Andreas Nodl.
10:47 of 1st period - Stopped by Jaroslav Halak with a rebound.
11:27 of 1st period - Snap shot by Kris Versteeg.
11:27 of 1st period - Deflect By Peter Worrell.
11:27 of 1st period - Shot Misses the Net.
11:27 of 1st period - Puck is out of play.
11:28 of 1st period - David Booth wins face-off versus Robert Nilsson in Blue Jackets zone.
11:40 of 1st period - Snap shot by Henrik Zetterberg.
11:40 of 1st period - Shot Misses the Net.
11:42 of 1st period - Slapshot by Brent Burns.
11:42 of 1st period - Shot Blocked by David Booth.
11:44 of 1st period - Wrist shot by Kris Versteeg.
11:44 of 1st period - Shot Misses the Net.
11:56 of 1st period - Sheldon Keefe is hit by Mike Brown and loses puck.
12:37 of 1st period - Snap shot by Peter Worrell.
12:37 of 1st period - Goal by Peter Worrell - Lightning : 0 - Blue Jackets : 1.
12:38 of 1st period - Pierre-Marc Bouchard wins face-off versus Peter Mueller in neutral zone.
12:48 of 1st period - David Booth is hit by Daniel Carcillo and loses puck.
13:03 of 1st period - Jeff Schultz is hit by Mike Brown and loses puck.
13:14 of 1st period - Snap shot by Mike Brown.
13:14 of 1st period - Stopped by Jaroslav Halak without a rebound.
13:15 of 1st period - Pierre-Marc Bouchard wins face-off versus Peter Mueller in Lightning zone.
13:24 of 1st period - Wrist shot by Pierre-Marc Bouchard.
13:24 of 1st period - Stopped by Rick DiPietro with a rebound.
13:26 of 1st period - Snap shot by Pierre-Marc Bouchard.
13:26 of 1st period - Shot Blocked by Mike Lundin.
13:28 of 1st period - Wrist shot by Pierre-Marc Bouchard.
13:28 of 1st period - Deflect By Martin Havlat.
13:28 of 1st period - Stopped by Rick DiPietro with a rebound.
13:30 of 1st period - Snap shot by Daniel Carcillo.
13:30 of 1st period - Stopped by Rick DiPietro without a rebound.
13:31 of 1st period - Dave Steckel wins face-off versus Robert Nilsson in Blue Jackets zone.
13:31 of 1st period - Dave Steckel is hit by Brent Burns.
13:37 of 1st period - Slapshot by Branislav Mezei.
13:37 of 1st period - Deflect By Mike Brown.
13:37 of 1st period - Shot Blocked by Kris Versteeg.
13:37 of 1st period - Puck is out of play.
13:38 of 1st period - Dave Steckel wins face-off versus Robert Nilsson in Lightning zone.
15:06 of 1st period - Snap shot by Martin Havlat.
15:06 of 1st period - Shot Blocked by Steve McCarthy.
17:54 of 1st period - Loui Eriksson is hit by Dave Steckel and loses puck.
18:04 of 1st period - Off-side.
18:05 of 1st period - Daniel Carcillo wins face-off versus Peter Mueller in neutral zone.
19:35 of 1st period - Jordan Nolan is hit by Mike York.
19:54 of 1st period - Icing by Peter Worrell.
19:55 of 1st period - Dave Steckel wins face-off versus Pierre-Marc Bouchard in Blue Jackets zone.
19:55 of 1st period - Dave Steckel is hit by Pierre-Marc Bouchard.
Goals for this period are 0 for Lightning vs 1 for Blue Jackets.
Shots for this period are 6 for Lightning vs 7 for Blue Jackets.
2nd period
0:01 of 2nd period - Peter Mueller wins face-off versus Robert Nilsson in neutral zone.
0:04 of 2nd period - Wrist shot by Peter Mueller.
0:04 of 2nd period - Stopped by Jaroslav Halak without a rebound.
0:05 of 2nd period - Peter Mueller wins face-off versus Robert Nilsson in Lightning zone.
1:06 of 2nd period - Wrist shot by Martin Havlat.
1:06 of 2nd period - Stopped by Jaroslav Halak without a rebound.
1:07 of 2nd period - Pierre-Marc Bouchard wins face-off versus Dave Steckel in Lightning zone.
1:09 of 2nd period - Minor Penalty to Daniel Carcillo for Hooking.
1:10 of 2nd period - Henrik Zetterberg wins face-off versus Dave Steckel in Lightning zone.
2:59 of 2nd period - Wrist shot by Andreas Nodl.
2:59 of 2nd period - Goal by Andreas Nodl - Lightning : 0 - Blue Jackets : 2.
3:00 of 2nd period - Kevin Porter wins face-off versus Pierre-Marc Bouchard in neutral zone.
3:07 of 2nd period - Backhand shot by Andreas Nodl.
3:07 of 2nd period - Shot Blocked by Brent Burns.
3:13 of 2nd period - Ryan O'Byrne is hit by Steve Bernier.
3:35 of 2nd period - Peter Mueller is hit by Robert Nilsson and loses puck.
4:01 of 2nd period - Slapshot by Mike Brown.
4:01 of 2nd period - Deflect By Dave Steckel.
4:01 of 2nd period - Stopped by Jaroslav Halak without a rebound.
4:02 of 2nd period - Dave Steckel wins face-off versus Jordan Nolan in Lightning zone.
4:19 of 2nd period - Loui Eriksson is hit by Mike Lundin and loses puck.
4:40 of 2nd period - Slapshot by Sheldon Keefe.
4:40 of 2nd period - Goal by Sheldon Keefe - Lightning : 1 - Blue Jackets : 2.
4:41 of 2nd period - Peter Mueller wins face-off versus Robert Nilsson in neutral zone.
4:43 of 2nd period - Off-side.
4:44 of 2nd period - Robert Nilsson wins face-off versus Peter Mueller in neutral zone.
4:44 of 2nd period - Minor Penalty to Henrik Zetterberg for Hooking.
4:45 of 2nd period - Peter Mueller wins face-off versus Sheldon Keefe in Lightning zone.
4:48 of 2nd period - Slapshot by Martin Havlat.
4:48 of 2nd period - Shot Misses the Net.
4:50 of 2nd period - Slapshot by David Booth.
4:50 of 2nd period - Deflect By Sheldon Keefe.
4:50 of 2nd period - Shot Hit the Post.
4:50 of 2nd period - Puck is out of play.
4:51 of 2nd period - Peter Mueller wins face-off versus Sheldon Keefe in Lightning zone.
4:54 of 2nd period - Slapshot by David Booth.
4:54 of 2nd period - Deflect By Kris Versteeg.
4:54 of 2nd period - Shot Blocked by Brent Burns.
4:54 of 2nd period - Puck is out of play.
4:55 of 2nd period - Sheldon Keefe wins face-off versus Peter Mueller in Lightning zone.
5:14 of 2nd period - Wrist shot by Martin Havlat.
5:14 of 2nd period - Shot Misses the Net.
5:16 of 2nd period - Snap shot by Branislav Mezei.
5:16 of 2nd period - Deflect By Martin Havlat.
5:16 of 2nd period - Shot Misses the Net.
5:16 of 2nd period - Puck is out of play.
5:17 of 2nd period - Dave Steckel wins face-off versus Sheldon Keefe in Lightning zone.
5:48 of 2nd period - Wrist shot by David Booth.
5:48 of 2nd period - Stopped by Jaroslav Halak without a rebound.
5:49 of 2nd period - Jordan Nolan wins face-off versus Peter Mueller in Lightning zone.
6:22 of 2nd period - Slapshot by François Beauchemin.
6:22 of 2nd period - Shot Misses the Net.
6:44 of 2nd period - Penalty to Henrik Zetterberg is over, Henrik Zetterberg is back on ice.
6:48 of 2nd period - Slapshot by Brent Burns.
6:48 of 2nd period - Shot Misses the Net.
6:56 of 2nd period - Wrist shot by Mike York.
6:56 of 2nd period - Stopped by Jaroslav Halak without a rebound.
6:57 of 2nd period - Dave Steckel wins face-off versus Pierre-Marc Bouchard in Lightning zone.
7:00 of 2nd period - Wrist shot by Mike Brown.
7:00 of 2nd period - Deflect By Pierre-Marc Bouchard.
7:00 of 2nd period - Stopped by Jaroslav Halak with a rebound.
7:58 of 2nd period - Off-side.
7:59 of 2nd period - Dave Steckel wins face-off versus Robert Nilsson in neutral zone.
8:10 of 2nd period - Minor Penalty to Robert Nilsson for Interference.
8:11 of 2nd period - Henrik Zetterberg wins face-off versus David Booth in Lightning zone.
8:23 of 2nd period - Slapshot by Kris Versteeg.
8:23 of 2nd period - Shot Blocked by Branislav Mezei.
8:52 of 2nd period - Snap shot by David Booth.
8:52 of 2nd period - Shot Blocked by Jeff Schultz.
9:12 of 2nd period - Danny Richmond is hit by Martin Havlat.
9:13 of 2nd period - Danny Richmond from Lightning is injured at 9:13 of 2nd period (Lacerated Left Calf).
9:14 of 2nd period - Henrik Zetterberg wins face-off versus Peter Mueller in Lightning zone.
9:27 of 2nd period - Snap shot by David Booth.
9:27 of 2nd period - Stopped by Jaroslav Halak with a rebound.
9:52 of 2nd period - Wrist shot by Mike Brown.
9:52 of 2nd period - Stopped by Jaroslav Halak without a rebound.
9:53 of 2nd period - Henrik Zetterberg wins face-off versus Peter Mueller in Lightning zone.
10:10 of 2nd period - Penalty to Robert Nilsson is over, Robert Nilsson is back on ice.
10:20 of 2nd period - Slapshot by John Carlson.
10:20 of 2nd period - Shot Blocked by François Beauchemin.
10:22 of 2nd period - Wrist shot by Steve Bernier.
10:22 of 2nd period - Stopped by Rick DiPietro without a rebound.
10:23 of 2nd period - Pierre-Marc Bouchard wins face-off versus Peter Mueller in Blue Jackets zone.
10:24 of 2nd period - Snap shot by Daniel Carcillo.
10:24 of 2nd period - Shot Misses the Net.
10:50 of 2nd period - Daniel Carcillo is hit by Mike York and loses puck.
11:11 of 2nd period - Snap shot by Steve Bernier.
11:11 of 2nd period - Shot Misses the Net.
11:36 of 2nd period - Kevin Porter is hit by Daniel Carcillo and loses puck.
11:41 of 2nd period - Wrist shot by Pierre-Marc Bouchard.
11:41 of 2nd period - Shot Misses the Net.
12:09 of 2nd period - Wrist shot by Steve Bernier.
12:09 of 2nd period - Stopped by Rick DiPietro with a rebound.
12:23 of 2nd period - Slapshot by John Carlson.
12:23 of 2nd period - Shot Misses the Net.
12:25 of 2nd period - Minor Penalty to Andreas Nodl for Hooking.
12:26 of 2nd period - Robert Nilsson wins face-off versus David Booth in Blue Jackets zone.
12:29 of 2nd period - Wrist shot by Robert Nilsson.
12:29 of 2nd period - Shot Misses the Net.
14:25 of 2nd period - Penalty to Andreas Nodl is over, Andreas Nodl is back on ice.
14:33 of 2nd period - Wrist shot by Sheldon Keefe.
14:33 of 2nd period - Shot Blocked by Mike Commodore.
15:22 of 2nd period - Icing by Pierre-Marc Bouchard.
15:23 of 2nd period - Peter Mueller wins face-off versus Pierre-Marc Bouchard in Lightning zone.
15:54 of 2nd period - Off-side.
15:55 of 2nd period - David Booth wins face-off versus Sheldon Keefe in neutral zone.
17:35 of 2nd period - Wrist shot by Kevin Porter.
17:35 of 2nd period - Shot Misses the Net.
17:37 of 2nd period - Slapshot by Andreas Nodl.
17:37 of 2nd period - Stopped by Jaroslav Halak with a rebound.
17:47 of 2nd period - David Booth is hit by Pierre-Marc Bouchard and loses puck.
19:02 of 2nd period - Snap shot by Robert Nilsson.
19:02 of 2nd period - Stopped by Rick DiPietro without a rebound.
19:03 of 2nd period - Robert Nilsson wins face-off versus Dave Steckel in Blue Jackets zone.
19:04 of 2nd period - Snap shot by Kris Versteeg.
19:04 of 2nd period - Stopped by Rick DiPietro without a rebound.
19:05 of 2nd period - Robert Nilsson wins face-off versus Dave Steckel in Blue Jackets zone.
19:19 of 2nd period - Slapshot by Mike Brown.
19:19 of 2nd period - Shot Misses the Net.
19:21 of 2nd period - Wrist shot by Mike Brown.
19:21 of 2nd period - Shot Misses the Net.
19:45 of 2nd period - Steve McCarthy is hit by François Beauchemin and loses puck.
Goals for this period are 1 for Lightning vs 1 for Blue Jackets.
Shots for this period are 5 for Lightning vs 10 for Blue Jackets.
3rd period
0:01 of 3rd period - Robert Nilsson wins face-off versus Peter Mueller in neutral zone.
0:11 of 3rd period - Off-side.
0:12 of 3rd period - Peter Mueller wins face-off versus Robert Nilsson in neutral zone.
0:19 of 3rd period - Wrist shot by Robert Nilsson.
0:19 of 3rd period - Stopped by Rick DiPietro without a rebound.
0:20 of 3rd period - Peter Mueller wins face-off versus Robert Nilsson in Blue Jackets zone.
0:41 of 3rd period - Wrist shot by Robert Nilsson.
0:41 of 3rd period - Shot Misses the Net.
0:43 of 3rd period - Wrist shot by Brent Burns.
0:43 of 3rd period - Stopped by Rick DiPietro without a rebound.
0:44 of 3rd period - Dave Steckel wins face-off versus Steve Bernier in Blue Jackets zone.
0:55 of 3rd period - Slapshot by François Beauchemin.
0:55 of 3rd period - Shot Misses the Net.
0:57 of 3rd period - Snap shot by Mike Brown.
0:57 of 3rd period - Stopped by Jaroslav Halak with a rebound.
0:59 of 3rd period - Snap shot by Peter Worrell.
0:59 of 3rd period - Stopped by Jaroslav Halak with a rebound.
1:11 of 3rd period - Peter Mueller is hit by John Carlson and loses puck.
1:18 of 3rd period - Wrist shot by David Booth.
1:18 of 3rd period - Shot Misses the Net.
1:34 of 3rd period - Snap shot by Mike York.
1:34 of 3rd period - Shot Misses the Net.
1:36 of 3rd period - Snap shot by Branislav Mezei.
1:36 of 3rd period - Deflect By Mike York.
1:36 of 3rd period - Stopped by Jaroslav Halak with a rebound.
1:38 of 3rd period - Snap shot by Andreas Nodl.
1:38 of 3rd period - Shot Blocked by John Carlson.
2:26 of 3rd period - Martin Havlat is hit by Sheldon Keefe and loses puck.
2:45 of 3rd period - Wrist shot by Andreas Nodl.
2:45 of 3rd period - Stopped by Jaroslav Halak with a rebound.
2:47 of 3rd period - Snap shot by Mike York.
2:47 of 3rd period - Shot Misses the Net.
2:49 of 3rd period - Slapshot by Mike Lundin.
2:49 of 3rd period - Stopped by Jaroslav Halak without a rebound.
2:50 of 3rd period - Pierre-Marc Bouchard wins face-off versus Dave Steckel in Lightning zone.
3:05 of 3rd period - Snap shot by Pierre-Marc Bouchard.
3:05 of 3rd period - Shot Blocked by Dave Steckel.
3:24 of 3rd period - Dave Steckel is hit by Kris Versteeg and loses puck.
3:35 of 3rd period - Snap shot by Jordan Nolan.
3:35 of 3rd period - Deflect By Loui Eriksson.
3:35 of 3rd period - Shot Blocked by Tim Ramholt.
3:35 of 3rd period - Puck is out of play.
3:36 of 3rd period - Jordan Nolan wins face-off versus Kevin Porter in Blue Jackets zone.
3:49 of 3rd period - Slapshot by Jordan Nolan.
3:49 of 3rd period - Shot Misses the Net.
4:04 of 3rd period - Wrist shot by Martin Havlat.
4:04 of 3rd period - Shot Blocked by Henrik Zetterberg.
4:06 of 3rd period - Backhand shot by David Booth.
4:06 of 3rd period - Shot Misses the Net.
4:18 of 3rd period - Minor Penalty to Brent Burns for Elbowing.
4:19 of 3rd period - Henrik Zetterberg wins face-off versus Peter Mueller in Lightning zone.
4:46 of 3rd period - Snap shot by Dave Steckel.
4:46 of 3rd period - Stopped by Jaroslav Halak with a rebound.
6:18 of 3rd period - Penalty to Brent Burns is over, Brent Burns is back on ice.
6:23 of 3rd period - Sheldon Keefe is hit by Branislav Mezei and loses puck.
6:44 of 3rd period - Snap shot by Daniel Carcillo.
6:44 of 3rd period - Stopped by Rick DiPietro with a rebound.
7:17 of 3rd period - Andreas Nodl is hit by Justin Schultz and loses puck.
7:29 of 3rd period - Off-side.
7:30 of 3rd period - Martin Havlat wins face-off versus Pierre-Marc Bouchard in neutral zone.
7:53 of 3rd period - Wrist shot by Henrik Zetterberg.
7:53 of 3rd period - Stopped by Rick DiPietro with a rebound.
7:55 of 3rd period - Slapshot by Jeff Schultz.
7:55 of 3rd period - Deflect By François Beauchemin.
7:55 of 3rd period - Stopped by Rick DiPietro without a rebound.
7:56 of 3rd period - Kevin Porter wins face-off versus Henrik Zetterberg in Blue Jackets zone.
7:56 of 3rd period - Kevin Porter is hit by Henrik Zetterberg.
7:59 of 3rd period - Mike Lundin is hit by Henrik Zetterberg and loses puck.
8:12 of 3rd period - Wrist shot by Henrik Zetterberg.
8:12 of 3rd period - Shot Blocked by Mike Lundin.
8:16 of 3rd period - Wrist shot by Robert Nilsson.
8:16 of 3rd period - Goal by Robert Nilsson - Lightning : 2 - Blue Jackets : 2.
8:17 of 3rd period - Peter Mueller wins face-off versus Robert Nilsson in neutral zone.
8:20 of 3rd period - Snap shot by Martin Havlat.
8:20 of 3rd period - Stopped by Jaroslav Halak without a rebound.
8:21 of 3rd period - Robert Nilsson wins face-off versus Peter Mueller in Lightning zone.
8:32 of 3rd period - Wrist shot by Henrik Zetterberg.
8:32 of 3rd period - Shot Blocked by Branislav Mezei.
8:37 of 3rd period - Off-side.
8:38 of 3rd period - Pierre-Marc Bouchard wins face-off versus Dave Steckel in neutral zone.
8:41 of 3rd period - Snap shot by Daniel Carcillo.
8:41 of 3rd period - Shot Misses the Net.
9:10 of 3rd period - Slapshot by Ryan O'Byrne.
9:10 of 3rd period - Stopped by Jaroslav Halak without a rebound.
9:11 of 3rd period - Kris Versteeg wins face-off versus Peter Mueller in Lightning zone.
9:38 of 3rd period - Dave Steckel is hit by Steve McCarthy and loses puck.
10:05 of 3rd period - Jordan Nolan is hit by Ryan O'Byrne and loses puck.
10:24 of 3rd period - Slapshot by François Beauchemin.
10:24 of 3rd period - Shot Blocked by John Carlson.
10:30 of 3rd period - Snap shot by Henrik Zetterberg.
10:30 of 3rd period - Deflect By Reilly Smith.
10:30 of 3rd period - Goal by Reilly Smith - Lightning : 3 - Blue Jackets : 2.
10:31 of 3rd period - Peter Mueller wins face-off versus Robert Nilsson in neutral zone.
10:38 of 3rd period - Snap shot by Martin Havlat.
10:38 of 3rd period - Shot Misses the Net.
10:54 of 3rd period - Minor Penalty to Branislav Mezei for Tripping.
10:55 of 3rd period - Robert Nilsson wins face-off versus David Booth in Blue Jackets zone.
11:02 of 3rd period - Wrist shot by Henrik Zetterberg.
11:02 of 3rd period - Stopped by Rick DiPietro with a rebound.
11:04 of 3rd period - Backhand shot by Brent Burns.
11:04 of 3rd period - Deflect By Kris Versteeg.
11:04 of 3rd period - Goal by Kris Versteeg - Lightning : 4 - Blue Jackets : 2.
11:05 of 3rd period - Peter Mueller wins face-off versus Robert Nilsson in neutral zone.
11:08 of 3rd period - Snap shot by Branislav Mezei.
11:08 of 3rd period - Stopped by Jaroslav Halak without a rebound.
11:09 of 3rd period - Robert Nilsson wins face-off versus Martin Havlat in Lightning zone.
11:24 of 3rd period - Wrist shot by Henrik Zetterberg.
11:24 of 3rd period - Shot Misses the Net.
12:23 of 3rd period - Wrist shot by Henrik Zetterberg.
12:23 of 3rd period - Stopped by Rick DiPietro with a rebound.
12:25 of 3rd period - Slapshot by Henrik Zetterberg.
12:25 of 3rd period - Shot Misses the Net.
12:27 of 3rd period - Slapshot by Andy Rogers.
12:27 of 3rd period - Stopped by Rick DiPietro with a rebound.
12:34 of 3rd period - Minor Penalty to Martin Havlat for High sticking.
12:35 of 3rd period - David Booth wins face-off versus Robert Nilsson in Blue Jackets zone.
12:43 of 3rd period - Backhand shot by Andy Rogers.
12:43 of 3rd period - Stopped by Rick DiPietro with a rebound.
13:24 of 3rd period - Snap shot by Kris Versteeg.
13:24 of 3rd period - Shot Misses the Net.
13:26 of 3rd period - Snap shot by Kris Versteeg.
13:26 of 3rd period - Shot Blocked by Ryan O'Byrne.
13:28 of 3rd period - Wrist shot by Henrik Zetterberg.
13:28 of 3rd period - Goal by Henrik Zetterberg - Lightning : 5 - Blue Jackets : 2.
13:29 of 3rd period - Pierre-Marc Bouchard wins face-off versus Martin Havlat in neutral zone.
13:54 of 3rd period - Brent Burns is hit by Mike Lundin and loses puck.
13:59 of 3rd period - Snap shot by Mike Brown.
13:59 of 3rd period - Stopped by Jaroslav Halak without a rebound.
14:00 of 3rd period - Robert Nilsson wins face-off versus Dave Steckel in Lightning zone.
14:06 of 3rd period - Henrik Zetterberg is hit by Mike Brown and loses puck.
14:13 of 3rd period - Wrist shot by Dave Steckel.
14:13 of 3rd period - Shot Misses the Net.
14:20 of 3rd period - Minor Penalty to Mike Brown for Roughing.
14:21 of 3rd period - Robert Nilsson wins face-off versus David Booth in Blue Jackets zone.
14:38 of 3rd period - Slapshot by Henrik Zetterberg.
14:38 of 3rd period - Shot Misses the Net.
14:48 of 3rd period - Mike Lundin is hit by Pierre-Marc Bouchard and loses puck.
14:53 of 3rd period - Slapshot by Daniel Carcillo.
14:53 of 3rd period - Deflect By Steve Bernier.
14:53 of 3rd period - Stopped by Rick DiPietro without a rebound.
14:54 of 3rd period - Pierre-Marc Bouchard wins face-off versus Martin Havlat in Blue Jackets zone.
15:09 of 3rd period - Snap shot by Daniel Carcillo.
15:09 of 3rd period - Deflect By Pierre-Marc Bouchard.
15:09 of 3rd period - Stopped by Rick DiPietro with a rebound.
15:11 of 3rd period - Wrist shot by Steve Bernier.
15:11 of 3rd period - Shot Misses the Net.
15:13 of 3rd period - Slapshot by Andy Rogers.
15:13 of 3rd period - Shot Blocked by Ryan O'Byrne.
15:15 of 3rd period - Slapshot by Andy Rogers.
15:15 of 3rd period - Shot Blocked by Mike York.
15:17 of 3rd period - Wrist shot by Pierre-Marc Bouchard.
15:17 of 3rd period - Shot Blocked by Ryan O'Byrne.
15:19 of 3rd period - Slapshot by Daniel Carcillo.
15:19 of 3rd period - Deflect By Pierre-Marc Bouchard.
15:19 of 3rd period - Shot Misses the Net.
15:19 of 3rd period - Puck is out of play.
15:20 of 3rd period - Robert Nilsson wins face-off versus David Booth in Blue Jackets zone.
15:35 of 3rd period - Slapshot by Robert Nilsson.
15:35 of 3rd period - Stopped by Rick DiPietro with a rebound.
15:37 of 3rd period - Slapshot by Kris Versteeg.
15:37 of 3rd period - Goal by Kris Versteeg - Lightning : 6 - Blue Jackets : 2.
15:38 of 3rd period - Robert Nilsson wins face-off versus Peter Mueller in neutral zone.
16:05 of 3rd period - Branislav Mezei is hit by Daniel Carcillo and loses puck.
16:12 of 3rd period - Slapshot by François Beauchemin.
16:12 of 3rd period - Stopped by Jaroslav Halak without a rebound.
16:13 of 3rd period - Peter Mueller wins face-off versus Pierre-Marc Bouchard in Lightning zone.
16:24 of 3rd period - Snap shot by Daniel Carcillo.
16:24 of 3rd period - Stopped by Rick DiPietro without a rebound.
16:25 of 3rd period - Robert Nilsson wins face-off versus Peter Mueller in Blue Jackets zone.
16:40 of 3rd period - Snap shot by Kris Versteeg.
16:40 of 3rd period - Deflect By Robert Nilsson.
16:40 of 3rd period - Stopped by Rick DiPietro without a rebound.
16:41 of 3rd period - Dave Steckel wins face-off versus Pierre-Marc Bouchard in Blue Jackets zone.
16:43 of 3rd period - Minor Penalty to Peter Worrell for Slashing.
16:44 of 3rd period - David Booth wins face-off versus Robert Nilsson in Blue Jackets zone.
17:00 of 3rd period - Wrist shot by Henrik Zetterberg.
17:00 of 3rd period - Goal by Henrik Zetterberg - Lightning : 7 - Blue Jackets : 2.
17:01 of 3rd period - Peter Mueller wins face-off versus Robert Nilsson in neutral zone.
17:04 of 3rd period - Slapshot by Mike Lundin.
17:04 of 3rd period - Stopped by Jaroslav Halak without a rebound.
17:05 of 3rd period - Kris Versteeg wins face-off versus Peter Mueller in Lightning zone.
17:20 of 3rd period - Wrist shot by Robert Nilsson.
17:20 of 3rd period - Shot Blocked by Branislav Mezei.
17:28 of 3rd period - Minor Penalty to Kris Versteeg for Slashing.
17:29 of 3rd period - Henrik Zetterberg wins face-off versus David Booth in Lightning zone.
17:46 of 3rd period - Snap shot by David Booth.
17:46 of 3rd period - Goal by David Booth - Lightning : 7 - Blue Jackets : 3.
17:47 of 3rd period - Robert Nilsson wins face-off versus Peter Mueller in neutral zone.
18:04 of 3rd period - Robert Nilsson is hit by Peter Mueller and loses puck.
18:37 of 3rd period - Andreas Nodl is hit by Jeff Schultz and loses puck.
19:00 of 3rd period - Slapshot by Mike Lundin.
19:00 of 3rd period - Stopped by Jaroslav Halak without a rebound.
19:01 of 3rd period - Pierre-Marc Bouchard wins face-off versus David Booth in Lightning zone.
19:01 of 3rd period - Pierre-Marc Bouchard is hit by François Beauchemin.
19:09 of 3rd period - David Booth is hit by Daniel Carcillo and loses puck.
19:28 of 3rd period - Wrist shot by Jordan Nolan.
19:28 of 3rd period - Stopped by Rick DiPietro with a rebound.
19:34 of 3rd period - Snap shot by Loui Eriksson.
19:34 of 3rd period - Stopped by Rick DiPietro with a rebound.
19:48 of 3rd period - David Booth is hit by Robert Nilsson and loses puck.
19:55 of 3rd period - Wrist shot by Kris Versteeg.
19:55 of 3rd period - Shot Misses the Net.
19:57 of 3rd period - Slapshot by Steve McCarthy.
19:57 of 3rd period - Shot Misses the Net.
19:59 of 3rd period - Slapshot by Steve McCarthy.
19:59 of 3rd period - Stopped by Rick DiPietro with a rebound.
Goals for this period are 6 for Lightning vs 1 for Blue Jackets.
Shots for this period are 23 for Lightning vs 14 for Blue Jackets.
Back to the Top